 Dungeon Crawl Stone Soup version 0.22.1-5-g62c59d919a (webtiles) character file.

176 Single964 the Chopper (level 5, 0/48 HPs)
             Began as a Hill Orc Berserker on Jan 13, 2019.
             Was a Believer of Trog.
             Slain by an adder (2 damage)
             ... in a sewer.
             The game lasted 00:09:18 (1202 turns).

Single964 the Chopper (Hill Orc Berserker)          Turns: 1202, Time: 00:09:19

Health: 0/48       AC:  6    Str: 21    XL:     5   Next: 56%
Magic:  5/5        EV: 11    Int:  7    God:    Trog [**....]
Gold:   17         SH:  0    Dex: 10    Spells: 4/4 levels left

rFire    . . .     SeeInvis .   a - +0 hand axe
rCold    . . .     Gourm    .   (no shield)
rNeg     . . .     Faith    .   f - +0 ring mail
rPois    .         Spirit   .   (no helmet)
rElec    .         Reflect  .   (no cloak)
rCorr    .         Harm     .   g - +0 pair of gloves
MR       .....                  (no boots)
Stlth    +.........             (no amulet)
HPRegen  0.16/turn              (no ring)
MPRegen  0.09/turn              (no ring)

@: lethally poisoned (0 -> -5), berserk cooldown, slowed, very slow
A: no striking features
a: Berserk, Trog's Hand, Renounce Religion


You were in a sewer.
You worshipped Trog.
Trog was pleased with you.
You were full.

You visited 1 branch of the dungeon, and saw 5 of its levels.
You also visited: Sewer.

You collected 17 gold pieces.

Inventory:

Hand Weapons
 a - a +0 hand axe (weapon)
Missiles
 e - 25 arrows
Armour
 b - a +0 animal skin
 f - a +0 ring mail (worn)
 g - a +0 pair of gloves (worn)
Scrolls
 h - a scroll of teleportation {unknown}
 k - a scroll of amnesia {unknown}
 l - a scroll of fog {unknown}
Potions
 c - 2 potions of magic {unknown}
 d - a potion of heal wounds {unknown}
 i - a potion of flight {unknown}
 j - 2 potions of might {unknown}


   Skills:
 + Level 5.3 Fighting
 + Level 5.9 Axes
 + Level 2.8 Armour
 + Level 2.0 Dodging
 + Level 0.5 Stealth


You had 4 spell levels left.
You didn't know any spells.
Your spell library was empty.

Dungeon Overview and Level Annotations

Branches:
Dungeon (5/15)
 Temple: D:4-7

Altars:

Shops:
D:5 =


Message History

* * * LOW HITPOINT WARNING * * *
You feel sick. The adder barely misses you.
The adder bites you but does no damage.
You hit the adder.
The adder is moderately wounded.
The adder bites you.
* * * LOW HITPOINT WARNING * * *
The adder bites you.
* * * LOW HITPOINT WARNING * * *
You are more poisoned.
The adder poisons you!
You hit the adder.
The adder is heavily wounded.
* * * LOW HITPOINT WARNING * * *
You feel sick. The adder barely misses you. x2
You hit the adder but do no damage.
The adder is heavily wounded.
* * * LOW HITPOINT WARNING * * *
You feel sick. The adder barely misses you. The adder bites you.
You die...

#..≈≈.####.≈...#####.≈
##...## ##..≈## #####
##≈## #≈# #≈# ### ##≈##
##≈## ##..≈## .
#≈..#####.....#####....
#...)†...(≈(@S≈≈≈≈≈.≈..
#...#####≈..≈.#####....
##..# ##≈.≈## . ####
#####


You could see an adder.

Vanquished Creatures
  An ogre (D:5)
  4 adders
  4 oozes (Sewer)
  An adder skeleton (D:5)
  4 orcs (D:4)
  2 giant cockroaches (D:5)
  3 goblins (D:1)
  A hobgoblin (D:3)
  5 kobolds
  A ball python (Sewer)
  4 bats
  5 rats
35 creatures vanquished.

Notes
Turn   | Place    | Note
-------+----------+-------------------------------------------
     0 | D:1      | Single964 the Hill Orc Berserker began the quest for the
                  | Orb.
     0 | D:1      | Reached XP level 1. HP: 19/19 MP: 1/1
   336 | D:1      | Reached XP level 2. HP: 27/27 MP: 2/2
   546 | D:5      | Entered Level 5 of the Dungeon
   546 | D:5      | Found Ipuopaq's Jewellery Boutique.
   626 | D:5      | Noticed an ogre
   629 | D:5      | Found a glowing drain.
   648 | D:5      | Killed an ogre
   648 | D:5      | Reached skill level 5 in Axes
   648 | D:5      | Reached XP level 3. HP: 21/35 MP: 3/3
   648 | D:5      | Reached XP level 4. HP: 24/41 MP: 4/4
   650 | D:5      | Reached skill level 5 in Fighting
   651 | D:5      | Reached XP level 5. HP: 29/48 MP: 5/5
   994 | Sewer    | Entered a sewer
  1062 | Sewer    | Reached ** piety under Trog
  1201 | Sewer    | HP: 2/48 [poisoned by an adder]
  1202 | Sewer    | Slain by an adder

Skill      XL: |  1  2  3  4 |
---------------+-------------+-----
Fighting       | 4 5 |  5.3
Axes           | 5 |  5.9
Dodging        | 2 |  2.0
Armour         | |  2.8
Stealth        | |  0.5

Action                   |  1- 3 |  4- 6 || total
-------------------------+-------+-------++-------
Melee: Hand axe          |    41 |   124 ||   165
Invok: Berserk           |     3 |     1 ||     4
  Use: Potion            |     1 |     1 ||     2
  Eat: Chunk             |     1 |     2 ||     3
       Ration            |       |     2 ||     2
Armor: Animal skin       |     4 |       ||     4
       Ring mail         |    12 |    43 ||    55
Dodge: Dodged            |    32 |    64 ||    96
